 Dungeon Crawl Stone Soup version 0.32-a0-876-gcfddb08e57 (webtiles) character file.

Game seed: 9915958058862436222

445 rvierbuc the Firebug (level 6, -1/41 HPs)
             Began as a Demonspawn Fire Elementalist on Dec 14, 2023.
             Killed by divine providence
             ... invoked by an orc priest
              (15 damage)
             ... on level 5 of the Dungeon on Mar 31, 2024.
             The game lasted 00:20:59 (5248 turns).

rvierbuc the Firebug (Demonspawn Fire Elementalist) Turns: 5248, Time: 00:20:59

Health: -1/41      AC:  2    Str:  8    XL:     6   Next: 72%
Magic:  1/11       EV: 12    Int: 17    God:
Gold:   236        SH:  5    Dex: 14    Spells: 8/11 levels left

rFire   . . .        p - +0 spear (flame)
rCold   . . .        (no shield)
rNeg    + . .        a - +0 robe
rPois   .            (helmet restricted)
rElec   .            (no cloak)
rCorr   .            (no gloves)
SInv    .            (no boots)
Will    .....        h - amulet of reflection
Stlth   ++           k - ring of positive energy
HPRegen 0.26/turn    m - ring of wizardry
MPRegen 0.12/turn

%: reflection, wizardry (x1)
@: no status effects
A: horns 1, demonic magic 1
a: Convert to Beogh


You were on level 5 of the Dungeon.
You visited 1 branch of the dungeon, and saw 5 of its levels.

You collected 236 gold pieces.

Inventory:

Hand Weapons
 p - a +0 spear of flaming (weapon)
 z - a +0 short sword of venom
Armour
 a - a +0 robe (worn)
Jewellery
 h - an amulet of reflection (around neck)
 k - a ring of positive energy (left hand)
 m - a ring of wizardry (right hand)
Talismans
 f - a flux talisman
Wands
 v - a wand of charming (9)
 y - a wand of polymorph (2)
Scrolls
 c - 2 scrolls of noise {unknown}
 j - a scroll of enchant weapon {unknown}
 l - a scroll of acquirement {unknown}
 n - 3 scrolls of teleportation {unknown}
 o - a scroll of identify {unknown}
 q - a scroll of vulnerability {unknown}
 t - a scroll of immolation {unknown}
 w - a scroll of enchant armour {unknown}
Potions
 b - a potion of magic
 d - a potion of resistance {unknown}
 e - a potion of might
 g - a potion of haste {unknown}
 i - a potion of degeneration {unknown}
 r - 2 potions of attraction {unknown}
 s - 5 potions of curing {unknown}
 u - a potion of invisibility {unknown}
 x - 2 potions of ambrosia {unknown}


   Skills:
 + Level 3.3 Dodging
 + Level 3.5 Stealth
 + Level 3.4 Spellcasting
 + Level 3.1 Conjurations
 + Level 3.9 Fire Magic


You had 8 spell levels left.
You knew the following spells:

 Your Spells              Type           Power      Damage    Failure   Level
a - Foxfire               Conj/Fire      56%        2x1d6     1%          1
b - Scorch                Fire           32%        2d6       1%          2

Your spell library contained the following spells:

 Spells                   Type           Power      Damage    Failure   Level
 Inner Flame              Hex/Fire       9%         N/A       9%          3
 Volatile Blastmotes      Fire/Tloc      18%        2d11      9%          3
 Ensorcelled Hibernation  Hex/Ice        4%         N/A       11%         2
 Jinxbite                 Hex            4%         N/A       11%         2
 Flame Wave               Conj/Fire      14%        2d6       16%         4
 Anguish                  Hex/Necr       1%         N/A       52%         4


Dungeon Overview and Level Annotations

Branches:
Dungeon (5/15)
 Temple: D:4-7

Altars:

Shops:
D:2 =   D:4 *


Innate Abilities, Weirdness & Mutations

You have a pair of small horns on your head.
Spells you cast may paralyse adjacent enemies.


Message History

You barely miss the orc priest.
The orc priest hits you with a +0 dagger of speed.
The orc priest shouts, "Beogh offers mercy even to people such as you.
Join us and be reborn!" (press Y on the ability menu to convert to Beogh)
Casting: Foxfire (safe; 1% risk of failure)
Confirm with . or Enter, or press ? or * to list all spells.
Okay, then.
You hit the orc priest but do no damage.
You headbutt the orc priest, but do no damage.
The orc priest shouts, "The Pantheon deserves no one's loyalty.
Let us show you the true path!" The orc priest barely misses you.
The orc priest shouts, "Beogh offers mercy even to people such as you.
Join us and be reborn!"
The orc priest closely misses you.
You barely miss the orc priest.
The orc priest calls down the wrath of Beogh upon you.
Beogh smites you!
Casting: Foxfire (safe; 1% risk of failure)
Confirm with . or Enter, or press ? or * to list all spells.
You don't know that spell.
You hit the orc priest but do no damage.
The orc priest shouts, "The Pantheon deserves no one's loyalty.
Let us show you the true path!"
You headbutt the orc priest, but do no damage.
The orc priest hits you with a +0 dagger of speed. x2
* * * LOW HITPOINT WARNING * * *
The orc priest looks braver for a moment.
Casting: Foxfire (safe; 1% risk of failure)
Confirm with . or Enter, or press ? or * to list all spells.
You conjure some foxfire!
Malevolent energies surge around you.
The orc priest suddenly stops moving!
The orc priest shouts, "Beogh offers mercy even to people such as you.
Join us and be reborn!"
Your foxfire dissipates!
The foxfire hits the orc priest.
The orc priest is lightly wounded.
The orc priest begins to cast a cantrip, but forgets the words!
There is a stone staircase leading up here.
Things that are here:
a +0 short sword; a +0 leather armour; an orc corpse The orc priest calls down the wrath of Beogh upon you.
Beogh smites you!
You die...

.....#.#####..#...#.#
#.......o.o.....#...#
####.#.######.#...#.#
#.#.# #)..#..## # #.#
####K##.### #.#
#.o)o...# #.#
#.####### ###.#.###o#
#.....@...#
#.#######.# #.# #.#
#.# #.# #.# #.#


You could see an orc priest.

Vanquished Creatures
  A kobold brigand (D:5)
  3 orc priests
  An iguana (D:4)
  An orc wizard (D:2)
  6 gnolls (D:3)
  5 adders
  2 ufetubi (D:5)
  A ribbon worm (D:2)
  4 dart slugs
  14 orcs
  8 ball pythons
  4 bats
  9 endoplasms
  5 giant cockroaches
  6 goblins
  10 hobgoblins
  4 jackals (D:2)
  A quokka (D:4)
  4 frilled lizards
  10 kobolds
  4 rats
103 creatures vanquished.

Vanquished Creatures (others)
  351 foxfires
351 creatures vanquished.

Grand Total: 454 creatures vanquished

Notes
Turn   | Place    | Note
-------+----------+-------------------------------------------
     0 | D:1      | rvierbuc the Demonspawn Fire Elementalist began the quest
                  | for the Orb.
     0 | D:1      | Reached XP level 1. HP: 13/13 MP: 3/3
   276 | D:1      | Gained mutation: Spells you cast may paralyse adjacent
                  | enemies. [demonic ancestry]
   276 | D:1      | Reached XP level 2. HP: 19/19 MP: 0/5
   823 | D:1      | Reached XP level 3. HP: 24/24 MP: 0/6
  1021 | D:1      | Learned a level 2 spell: Scorch
  1784 | D:2      | Reached XP level 4. HP: 30/30 MP: 3/7
  2270 | D:2      | Found Osafik's One-of-a-Kind Rings.
  2582 | D:3      | HP: 1/30 [gnoll/+0 spear (5)]
  2914 | D:3      | Gained mutation: You have a pair of small horns on your
                  | head. [demonic ancestry]
  2914 | D:3      | Reached XP level 5. HP: 35/35 MP: 2/9
  4109 | D:4      | Reached XP level 6. HP: 41/41 MP: 2/10
  4429 | D:4      | Found Usyuc's Assorted Antiques.
  5116 | D:5      | Entered Level 5 of the Dungeon
  5122 | D:5      | Upgraded the game from 0.31-a0-1206-g41278d8d1d to
                  | 0.32-a0-876-gcfddb08e57
  5248 | D:5      | Killed from afar by an orc priest

Illustrated notes

Levels and vault maps discovered:
D:1:      psy_arrival_spokes, layout_rooms, minmay_surrounded
D:2:      layout_loops_corners, nicolae_shop_unique_rings,
          amcnicky_mini_rare_corridor_liquid
D:3:      layout_basic
D:4:      layout_basic, minivault_27, nicolae_take_the_stairs
D:5:      layout_loops_ring, okawaru_altar_gauntlet_db, hex_tiny, uniq_sigmund,
          uniq_blork_the_orc

Skill      XL: |  1  2  3  4  5  6 |
---------------+-------------------+-----
Stealth        | 2 3 |  3.5
Dodging        | 2 3 |  3.3
Fire Magic     | 3 |  3.9
Conjurations   | 2 3 |  3.1
Spellcasting   | 3 |  3.4

Action                     |  1- 3 |  4- 6 || total
---------------------------+-------+-------++-------
  Melee: Unarmed           |    26 |     2 ||    28
         Spear             |       |    31 ||    31
         Headbutt          |       |    10 ||    10
   Cast: Foxfire           |    84 |   166 ||   250
         Scorch            |     1 |    23 ||    24
    Use: Potion            |       |     1 ||     1
   Stab: Paralysed         |       |     6 ||     6
 Armour: Robe              |    29 |    48 ||    77
  Dodge: Dodged            |    32 |    34 ||    66
  Block: Other             |     2 |     6 ||     8

Table legend: (Time is in decaauts)
 A = Elapsed time spent in this place.
 B = Non-inter-level travel time spent in this place.
 C = Inter-level travel time spent in this place.
 D = Time resting spent in this place.
 E = Time spent auto-exploring this place.
 F = Levels seen in this place.
 G = Mean time per level.
                   A        B        C        D        E       F      G
               +--------+--------+--------+--------+--------+-----+--------+
         Total |   5253 |   5195 |     58 |    572 |   3537 |   5 | 1050.6 |
       Dungeon |   5253 |   5195 |     58 |    572 |   3537 |   5 | 1050.6 |
               +--------+--------+--------+--------+--------+-----+--------+

Top non-repeatable levels by time:
     D:2: 1669 daAuts
     D:4: 1388 daAuts
     D:1: 1055 daAuts
     D:3: 1007 daAuts
     D:5: 133 daAuts
